 Dungeon Crawl Stone Soup version 0.21-a0-442-g848f44b (webtiles) character file.

60 4thArraOfDagon the Cutter (level 3, -3/24 HPs)
             Began as a Mummy Enchanter on Nov 15, 2017.
             Killed from afar by an orc wizard (9 damage)
             ... with a puff of flame
             ... on level 3 of the Dungeon.
             The game lasted 00:03:54 (757 turns).

4thArraOfDagon the Cutter (Mummy Enchanter)          Turns: 757, Time: 00:03:55

Health: -3/24      AC:  3    Str: 11    XL:     3   Next: 82%
Magic:  3/7        EV: 12    Int: 15    God:
Gold:   67         SH:  0    Dex: 12    Spells: 1/7 levels left

rFire    x . .     SeeInvis .   a - +1 dagger
rCold    + . .     Gourm    .   (no shield)
rNeg     + + +     Faith    .   b - +0 robe
rPois    ∞         Spirit   .   (no helmet)
rElec    .         Reflect  .   g - +0 cloak
rCorr    .         Harm     .   (no gloves)
MR       .....                  (no boots)
Stlth    ++........             (no amulet)
HPRegen  0.08/turn              (no ring)
MPRegen  0.10/turn              (no ring)

@: no status effects
A: no food or potions, fire vulnerability, cold resistance 1, negative energy
resistance 3, torment resistance, unbreathing
a: no special abilities


You were on level 3 of the Dungeon.
You were not hungry.

You visited 1 branch of the dungeon, and saw 3 of its levels.

You collected 67 gold pieces.

Inventory:

Hand Weapons
 a - a +1 dagger (weapon)
Armour
 b - a +0 robe (worn)
 e - a +0 ring mail
 g - a +0 cloak (worn)
Scrolls
 d - 3 scrolls of identify {unknown}
 f - a scroll of teleportation {unknown}
 h - a scroll of blinking {unknown}
Books
 c - a book of Maledictions

   Spells                             Type                      Level
   a - Corona                         Hexes                        1
   b - Ensorcelled Hibernation        Hexes/Ice                    2
   c - Confuse                        Hexes                        3
   d - Tukima's Dance                 Hexes                        3
   e - Dazzling Spray                 Conjuration/Hexes            3


   Skills:
 * Level 3.1 Short Blades
 - Level 1.5 Dodging
 - Level 2.4 Stealth
 - Level 2.6 Spellcasting
 - Level 2.6 Hexes


You had one spell level left.
You knew the following spells:

 Your Spells              Type           Power        Failure   Level  Hunger
a - Corona                Hex            ##.....      7%          1    N/A
b - Ensorcelled Hibernat  Hex/Ice        #.....       19%         2    N/A
c - Confuse               Hex            ##......     21%         3    N/A

Dungeon Overview and Level Annotations

Branches:
Dungeon (3/15)

Altars:
Fedhas

Annotations:
D:2 Natasha


Innate Abilities, Weirdness & Mutations

You do not eat or drink.
Your flesh is vulnerable to fire.
You are immune to poison.
Your flesh is cold resistant. (rC+)
You are immune to negative energy. (rN+++)
You are immune to unholy pain and torment.
You can survive without breathing.


Message History

a dagger; a robe You start resting.
There is a strange disturbance nearby!
Casting: Ensorcelled Hibernation
Confirm with . or Enter, or press ? or * to list all spells.
Aiming: Ensorcelled Hibernation
Press: ? - help, Shift-Dir - straight line Nothing appears to happen.
Something hits you but does no damage.
You hit something but do no damage. Something hits you.
* * * LOW HITPOINT WARNING * * *
Unknown command.
Casting: Ensorcelled Hibernation
Confirm with . or Enter, or press ? or * to list all spells.
Aiming: Ensorcelled Hibernation
Press: ? - help, Shift-Dir - straight line Nothing appears to happen.
You hear some strange, mumbled words.
A puff of flame appears from out of thin air!
The puff of flame hits you! The fire burns you terribly!
You die...

###
########.#
#.{@.....#
#.######†#
#.######.#
#.#<.....#
###.########
#...#
###...##
#<...{.###
#......)..


There were no monsters in sight!

Vanquished Creatures
  An orc wizard (D:3)
  An adder (D:2)
  A dart slug (D:3)
  A giant cockroach (D:2)
  2 goblins (D:2)
  3 jackals (D:2)
  6 kobolds (D:2)
  5 bats
  A frilled lizard (D:2)
  A rat (D:2)
22 creatures vanquished.

Notes
Turn   | Place    | Note
-------+----------+-------------------------------------------
     0 | D:1      | 4thArraOfDagon the Mummy Enchanter began the quest for the Orb.
     0 | D:1      | Reached XP level 1. HP: 13/13 MP: 4/4
    16 | D:2      | Reached skill level 1 in Short Blades
   259 | D:2      | Reached XP level 2. HP: 9/19 MP: 3/5
   269 | D:2      | Learned a level 2 spell: Ensorcelled Hibernation
   374 | D:2      | Reached skill level 2 in Short Blades
   501 | D:2      | p0werm0de: https://www.mixcloud.com/SaidTayebi/episode-001-trip-to-kazantip/
   520 | D:2      | p0werm0de: !hs . muen
   522 | D:2      | beem: 29. P0WERM0DE the Farming Slayer (L27 MuEn of Ashenzari), escaped with the Orb and 15 runes on 2015-10-25 13:09:56, with 8666068 points after 201454 turns and 13:33:27.
   541 | D:2      | Noticed Natasha
   542 | D:2      | p0werm0de: !straek 4thArraOfDagon
   546 | D:2      | beem: 4thArraOfDagon (won) has 141 consecutive wins (NaFE, DESt, GhIE, GhBe, TeVM, DrHu, KoFE, HaFE, VpNe, TeFE, CeNe, HONe, TeFE, OpFE, DEFE, MfGl, LOFE, DrFE, GrMo, LOBe, DDBe, DDFi, FoFi, VSFE, DgFE, MiFi, NaGl, TrMo, DEFE, TrEn, DrFi, GrHu, MuFi, MiAM, CeVM, MiAs, NaAr, VSVM, MiEE, KoSk, CeEn, TeVM, FoWn, OgGl, DgAE, TrWz, HOWn, DgAs, CeAK, FeFE, HOAK, CeAM, TrCK, TrCj, NaMo, DrHu, TrHu, DsNe, VSM...
   551 | D:2      | Reached XP level 3. HP: 21/24 MP: 1/7
   565 | D:2      | Found a blossoming altar of Fedhas.
   572 | D:2      | :9
   657 | D:3      | Sergey: I tried German beer yesterday
   664 | D:3      | p0werm0de: nice!
   670 | D:3      | Sergey: it wasnt so impressive
   674 | D:3      | Reached skill level 3 in Short Blades
   675 | D:3      | p0werm0de: damn
   684 | D:3      | p0werm0de: need to try again
   735 | D:3      | Sergey: sure
   739 | D:3      | Learned a level 3 spell: Confuse
   756 | D:3      | p0werm0de: maybe unlucky
   757 | D:3      | Killed from afar by an orc wizard

Vault maps used:
D:1:      dpeg_arrival_castle
D:2:      lemuel_crystal_altar, st_stairs_7, minmay_pentomino_w2, uniq_natasha
D:3:      lemuel_zombie_altar_kikubaaqudgha, lemuel_doored_altar,
          elyvilon_altar_1

Skill      XL: |  1  2  3 |
---------------+----------+-----
Short Blades   | 1 2 3 |  3.1
Dodging        | |  1.5
Stealth        | |  2.4
Spellcasting   | |  2.6
Hexes          | |  2.6

Action                   || total
-------------------------++-------
Melee: Dagger            ||    54
 Cast: Corona            ||     9
       Ensorcelled Hiber ||    12
 Stab: Sleeping          ||     8
Armor: Robe              ||    14
Dodge: Dodged            ||    44

Table legend:
 A = Spawn XP
 B = Non-spawn XP
 C = Spawn XP percentage of total XP
 D = Spawn monster count
 E = Non-spawn monster count
 F = Spawn count percentage of total count
 G = Total turns spent on level
                    A         B        C        D         E        F      G
               +---------+---------+-------+---------+---------+-------+---------
         Total |       0 |      87 |   0.0 |       0 |      22 |   0.0 |   757
               +---------+---------+-------+---------+---------+-------+---------
           D:2 |       0 |      42 |   0.0 |       0 |      19 |   0.0 |   477
           D:3 |       0 |      45 |   0.0 |       0 |       3 |   0.0 |   144
               +---------+---------+-------+---------+---------+-------+---------
